 Dungeon Crawl Stone Soup version 0.18.1-50-g88ac8fd (webtiles) character file.

39 magog001 the Charmwright (level 3, 0/24 HPs)
             Began as a High Elf Skald on Oct 19, 2017.
             Slain by a gnoll
             ... wielding a +2 spear of chaos
              (5 damage)
             ... on level 2 of the Dungeon.
             The game lasted 00:07:07 (1472 turns).

magog001 the Charmwright (High Elf Skald)           Turns: 1472, Time: 00:07:08

Health: 0/24       AC:  4    Str: 12    XL:     3   Next: 28%
Magic:  7/7        EV: 12    Int: 16    God:
Gold:   23         SH:  0    Dex: 14    Spells: 2 memorised, 3 levels left

rFire  . . .     SeeInvis .     a - +0 falchion
rCold  . . .     Gourm    .     b - +0 leather armour
rNeg   . . .     Faith    .     (no shield)
rPois  .         Spirit   .     (no helmet)
rElec  .         Dismiss  .     (no cloak)
rCorr  .         Reflect  .     l - +0 pair of gloves
SustAt .         Harm     .     (no boots)
MR     .....                    (no amulet)
Stlth  +.........               (no ring)
                                (no ring)

@: lethally poisoned (0 -> -21), not resistant to hostile enchantments, very
unstealthy
A: no striking features
a: no special abilities


You were on level 2 of the Dungeon.
You were not hungry.

You visited 1 branch of the dungeon, and saw 2 of its levels.

You collected 23 gold pieces.

Inventory:

Hand Weapons
 a - a +0 falchion (weapon)
 n - a +0 hunting sling
Missiles
 f - 3 curare-tipped needles
 m - 3 sling bullets
Armour
 b - a +0 leather armour (worn)
 l - a +0 pair of gloves (worn)
Scrolls
 e - 3 scrolls of remove curse
 i - a scroll of identify {unknown}
 k - 2 scrolls of teleportation
Potions
 h - a potion of resistance {unknown}
 j - a potion of heal wounds {unknown}
Books
 c - a book of Battle

   Spells                             Type                      Level
   a - Infusion                       Charms                       1
   b - Shroud of Golubria             Charms/Translocation         2
   c - Song of Slaying                Charms                       2
   d - Spectral Weapon                Hexes/Charms                 3
   e - Regeneration                   Charms/Necromancy            3
Comestibles
 d - a bread ration
 g - 2 chunks of flesh


   Skills:
 + Level 2.2 Fighting
 * Level 2.8 Long Blades
 * Level 1.3 Armour
 * Level 1.8 Dodging
 + Level 0.2 Stealth
 + Level 2.6 Spellcasting
 + Level 4.1 Charms


You had 3 spell levels left.
You knew the following spells:

 Your Spells              Type           Power        Failure   Level  Hunger
a - Infusion              Chrm           ###.         6%          1    #......
b - Regeneration          Chrm/Necr      #.........   34%         3    ###....


Dungeon Overview and Level Annotations

Branches:
Dungeon (2/15)

Altars:


Message History

You hit the gnoll but do no damage.
The gnoll hits you with a spear of chaos.
You are poisoned.
You barely miss the gnoll.
You feel sick.
The gnoll hits you with a spear of chaos.
You barely miss the gnoll.
You feel sick.
The gnoll hits you with a spear of chaos.
You are more poisoned.
You hit the gnoll.
The gnoll is moderately wounded.
You feel very sick.
The gnoll hits you with a spear of chaos.
* * * LOW HITPOINT WARNING * * *
The gnoll closely misses you.
You hit the gnoll but do no damage.
The gnoll is moderately wounded.
* * * LOW HITPOINT WARNING * * *
You feel sick.
The gnoll hits you with a spear of chaos.
You die...

#^. .# ##. #.≈≈..≈.##⌠. #
#.#.≈###≈..# .# #..≈#.#^.≈
... ..≈[≈..##.# ..#. ... ..#
.#≈##.#... ...≈# ... #.#
#...$.####...# ...##.#
#..≈⌠⌠.@g.≈#
......#########.#####
..................<.#####
.....#.##.##.##.##......#
#...#.##....##.##.####.###
#.........#.##.##.####.#.###
##..#.##.......##.##.......#
#..#.......#####.##.#.#.###
....####...## #.##.#.###


You could see a gnoll.

Vanquished Creatures
  2 dart slugs (D:1)
  2 bats (D:1)
  5 giant cockroaches (D:1)
  5 goblins (D:1)
  4 hobgoblins (D:1)
  2 jackals (D:1)
  5 kobolds (D:1)
  A giant newt (D:1)
  4 rats (D:1)
30 creatures vanquished.

Notes
Turn   | Place    | Note
--------------------------------------------------------------
     0 | D:1      | magog001 the High Elf Skald began the quest for the Orb.
     0 | D:1      | Reached XP level 1. HP: 14/14 MP: 4/4
    53 | D:1      | Reached skill level 1 in Armour
   236 | D:1      | Reached XP level 2. HP: 10/19 MP: 6/6
   919 | D:1      | Reached skill level 4 in Charms
  1012 | D:1      | Reached XP level 3. HP: 21/24 MP: 7/7
  1095 | D:1      | Learned a level 3 spell: Regeneration
  1472 | D:2      | Slain by a gnoll

Skill      XL: |  1  2 |
---------------+-------+-----
Armour         | 1 |  1.3
Charms         | 4 |  4.1
Fighting       | |  2.2
Long Blades    | |  2.8
Dodging        | |  1.8
Stealth        | |  0.2
Spellcasting   | |  2.6

Action                   || total
-------------------------++-------
Melee: Falchion          ||   104
 Cast: Regeneration      ||     1
  Use: Scroll            ||     2
  Eat: Chunk             ||     2
Armor: Leather armour    ||    32
Dodge: Dodged            ||    73
